 Dungeon Crawl Stone Soup version 0.23.2-1-ga50397a (webtiles) character file.

Game seed: 7805195603542049508

802 myga the Caller (level 8, -2/43 HPs)
             Began as a Kobold Summoner on May 14, 2019.
             Was a Plaything of Xom.
             Slain by a black bear (4 damage)
             ... on level 6 of the Dungeon.
             The game lasted 00:35:56 (6017 turns).

myga the Caller (Kobold Summoner)                   Turns: 6017, Time: 00:35:56

Health: -2/43      AC:  2    Str:  6    XL:     8   Next: 14%
Magic:  15/25      EV: 16    Int: 17    God:    Xom [...*..]
Gold:   299        SH:  4    Dex: 16    Spells: 5/18 levels left

rFire    . . .     SeeInvis .   l - +0 dagger
rCold    . . .     Gourm    .   (shield restricted)
rNeg     . . .     Faith    .   a - +0 robe
rPois    .         Spirit   .   (no helmet)
rElec    .         Reflect  +   (no cloak)
rCorr    .         Harm     .   (no gloves)
MR       .....                  (no boots)
Stlth    ++++......             u - +4 amulet of reflection
HPRegen  0.14/turn              x - ring of stealth
MPRegen  0.19/turn              E - ring of magical power

@: very slightly contaminated
A: small, carnivore
a: Renounce Religion


You were on level 6 of the Dungeon.
You worshipped Xom.
You were a favourite toy of Xom.
You were completely stuffed.

You visited 1 branch of the dungeon, and saw 6 of its levels.

You collected 299 gold pieces.

Inventory:

Hand Weapons
 l - a +0 dagger (weapon)
Missiles
 b - 275 stones (quivered)
 g - 9 tomahawks
 A - 2 throwing nets
Armour
 a - a +0 robe (worn)
Jewellery
 d - an uncursed ring of fire
 u - a +4 amulet of reflection (around neck)
 x - a ring of stealth (left hand)
 E - a ring of magical power (right hand)
Wands
 f - a wand of random effects (22)
 C - a wand of acid (10)
Scrolls
 e - a scroll of immolation
 i - 2 scrolls of enchant armour
 m - 2 scrolls of teleportation
 n - 2 scrolls of amnesia
 o - a scroll of remove curse
 r - a scroll of enchant weapon
 t - 2 scrolls of identify
 v - 2 scrolls of magic mapping
 y - a scroll of fear
Potions
 h - 3 potions of mutation
 j - 2 potions of curing
 k - 2 potions of ambrosia
 p - 2 potions of lignification
 q - a potion of haste
 s - 3 potions of resistance
 w - 2 potions of flight
 z - 2 potions of heal wounds
Comestibles
 c - 10 rations


   Skills:
 + Level 1.2 Fighting
 + Level 2.8 Short Blades
 + Level 0.5 Throwing
 + Level 3.7 Dodging
 + Level 4.9 Stealth
 + Level 5.5 Spellcasting
 + Level 0.2 Hexes
 + Level 6.2 Summonings
 + Level 0.1 Air Magic


You had 5 spell levels left.
You knew the following spells:

 Your Spells              Type           Power        Failure   Level  Hunger
a - Summon Small Mammal   Summ           ####         1%          1    None
b - Call Imp              Summ           ####....     1%          2    #......
c - Call Canine Familiar  Summ           ####....     3%          3    ##.....
d - Summon Guardian Gole  Hex/Summ       ###.....     11%         3    ##.....
e - Summon Lightning Spi  Summ/Air       ###.....     36%         4    ####...

Your spell library contained the following spells:

 Spells                   Type           Power        Failure   Level  Hunger
 Summon Ice Beast         Ice/Summ       ###.....     36%         4    ####...


Dungeon Overview and Level Annotations

Branches:
Dungeon (6/15)
 Temple: D:4-7

Altars:
Vehumet
Xom

Shops:
D:5 *


Innate Abilities, Weirdness & Mutations

You are small and have problems with some larger weapons.
You are carnivorous and can eat meat at any time.


Message History

Confirm with . or Enter, or press ? or * to list all spells.
The black bear barely misses your hound.
The black bear closely misses your hound.
The black bear claws your hound.
Your hound bites the black bear.
The black bear bites your hound! The black bear claws your hound.
The black bear claws your hound but does no damage.
Your hound barely misses the black bear.
The black bear bites your hound. The black bear claws your hound. x2
Your hound dies!
Your hound's corpse disappears in a puff of smoke!
Casting: Call Canine Familiar (safe; 3% risk of failure)
Confirm with . or Enter, or press ? or * to list all spells.
Casting: Call Canine Familiar (safe; 3% risk of failure)
Confirm with . or Enter, or press ? or * to list all spells.
A beastly little devil appears in a puff of flame.
The black bear misses you. The black bear claws you.
* * * LOW HITPOINT WARNING * * *
The black bear claws you.
You die... "What!?
That's it?"

.....# #.....# ##...# .....#
#.....# #..### .....# #.....##
#####.## ##### .....#
#####..####.....# ##...#
.....#### ##.#....#######.....
..!...(.#######...#### #......
#.#####........h5.#### #......
#.......########h<...######......
..##.#### #@###............. #
#..######## #.# ########......
##........# #.##########......
########.###.##..............
###########...........#####.....†
#...........#####...#.### ##..÷..
..########### ###.#...###.....#
.######### #.###.##....... ##
#.....# #.# #..#.......


You could see a black bear (berserk), a friendly hound and a friendly crimson
imp.

Vanquished Creatures
  A bullfrog (D:6)
  A scorpion (D:6)
  A jelly (D:5)
  2 worker ants
  Robin (D:4)
  An adder (D:2)
  An ooze (D:4)
  A dart slug (D:2)
  2 orcs
  A giant cockroach (D:2)
  2 goblins
  3 hobgoblins
  3 jackals (D:2)
  4 quokkas
  2 bats (D:3)
  2 frilled lizards
  5 kobolds
  3 rats (D:1)
36 creatures vanquished.

Vanquished Creatures (collateral kills)
  Prince Ribbit (D:5)
  Sigmund (D:2)
  A phantom (D:5)
  An ogre (D:4)
  A scorpion (D:4)
  A crimson imp (D:5)
  A hound (D:5)
  A centaur skeleton (D:5)
  2 iguanas
  An orc wizard (D:3)
  A gnoll (D:3)
  5 adders
  A shadow imp (D:5)
  2 adder skeletons
  A worm (D:2)
  A dart slug (D:2)
  3 leopard geckos
  17 orcs
  A ball python (D:1)
  7 giant cockroaches
  11 goblins
  6 hobgoblins
  13 jackals
  6 kobolds
  3 quokkas
  5 bats
  4 frilled lizards
  A leopard gecko zombie (D:5)
  2 rats
101 creatures vanquished.

Grand Total: 137 creatures vanquished

Notes
Turn   | Place    | Note
-------+----------+-------------------------------------------
     0 | D:1      | myga the Kobold Summoner began the quest for the Orb.
     0 | D:1      | Reached XP level 1. HP: 10/10 MP: 3/3
   299 | D:1      | Reached XP level 2. HP: 15/15 MP: 1/5
   346 | D:1      | Learned a level 2 spell: Call Imp
   780 | D:2      | Noticed Sigmund
   996 | D:2      | Reached XP level 3. HP: 19/19 MP: 4/6
  1929 | D:2      | Killed Sigmund
  1929 | D:2      | Reached skill level 1 in Fighting
  1929 | D:2      | Reached skill level 1 in Short Blades
  1929 | D:2      | Reached XP level 4. HP: 25/25 MP: 2/9
  1929 | D:2      | Reached XP level 5. HP: 29/29 MP: 2/10
  1961 | D:2      | Learned a level 3 spell: Call Canine Familiar
  1965 | D:2      | Learned a level 3 spell: Summon Guardian Golem
  2854 | D:3      | Found a shimmering altar of Xom.
  2858 | D:3      | Became a worshipper of Xom of Chaos
  3027 | D:3      | Reached XP level 6. HP: 33/34 MP: 6/11
  3083 | D:3      | XOM: harmless Ice miscast
  3245 | D:3      | Found a radiant altar of Vehumet.
  3335 | D:3      | Reached skill level 5 in Summonings
  3450 | D:3      | Found a faded altar of an unknown god.
  3609 | D:3      | XOM: silly message
  3980 | D:4      | Noticed Robin
  4037 | D:4      | Killed Robin
  4159 | D:4      | XOM: divination: magic mapping
  4295 | D:4      | Learned a level 4 spell: Summon Lightning Spire
  4338 | D:4      | Noticed an ogre
  4364 | D:4      | Killed an ogre
  4367 | D:4      | XOM: smoke on damage
  4428 | D:4      | XOM is BORED!
  4428 | D:4      | XOM: harmless Conj miscast
  4750 | D:4      | XOM: harmless Tloc miscast
  4793 | D:4      | XOM: divination: magic mapping
  4926 | D:5      | Entered Level 5 of the Dungeon
  4998 | D:5      | Found Yrierph's Assorted Antiques.
  5002 | D:5      | Reached XP level 7. HP: 38/38 MP: 8/13
  5138 | D:5      | XOM is BORED!
  5138 | D:5      | XOM: 7-stop teleportation journey
  5187 | D:5      | Noticed Prince Ribbit
  5222 | D:5      | Killed Prince Ribbit
  5222 | D:5      | Reached skill level 5 in Spellcasting
  5222 | D:5      | Reached skill level 6 in Summonings
  5453 | D:5      | XOM: god gift: 45 gold pieces
  5506 | D:5      | XOM: god gift: 9 gold pieces
  5744 | D:6      | XOM: stealth player
  5765 | D:6      | Reached XP level 8. HP: 43/43 MP: 14/16
  6007 | D:6      | HP: 1/43 [black bear (6)]
  6017 | D:6      | HP: 2/43 [black bear (1)]
  6017 | D:6      | Slain by a black bear

Skill      XL: |  1  2  3  4  5  6  7 |
---------------+----------------------+-----
Spellcasting   | 3 4 5 |  5.5
Fighting       | 1 |  1.2
Short Blades   | 1 2 |  2.8
Stealth        | 3 4 |  4.9
Dodging        | 3 |  3.7
Summonings     | 5 6 |  6.2
Throwing       | |  0.5
Hexes          | |  0.2
Air Magic      | |  0.1

Action                   |  1- 3 |  4- 6 |  7- 9 || total
-------------------------+-------+-------+-------++-------
Melee: Unarmed           |    33 |       |       ||    33
       Short sword       |    43 |    30 |       ||    73
       Dagger            |       |   124 |    40 ||   164
Throw: Stone             |     6 |     5 |     4 ||    15
       Tomahawk          |     2 |     2 |     3 ||     7
 Cast: Summon Small Mamm |    20 |     7 |     2 ||    29
       Call Imp          |    17 |    30 |    13 ||    60
       Call Canine Famil |       |    20 |     9 ||    29
       Summon Guardian G |       |       |     2 ||     2
       Summon Lightning  |       |       |     1 ||     1
  Use: Scroll            |     4 |    12 |     2 ||    18
       Potion            |     1 |     1 |       ||     2
 Stab: Sleeping          |     3 |     8 |     6 ||    17
       Distracted        |     1 |     2 |       ||     3
  Eat: Chunk             |    13 |    11 |     6 ||    30
Armor: Robe              |    16 |    13 |     1 ||    30
Dodge: Dodged            |    82 |   114 |    30 ||   226
Block: Other             |       |    16 |     9 ||    25
